 Dungeon Crawl Stone Soup version 0.26-a0-651-gb41185065b (webtiles) character file.

Game seed: 2081952556096957755

5 Lanoc the Sneak (level 1, -1/18 HPs)
             Began as a Formicid Delver on Oct 13, 2020.
             Slain by a howler monkey (3 damage)
             ... on level 5 of the Dungeon.
             The game lasted 00:00:13 (58 turns).

Lanoc the Sneak (Formicid Delver)                     Turns: 58, Time: 00:00:14

Health: -1/18      AC:  3    Str: 16    XL:     1   Next: 88%
Magic:  1/1        EV: 12    Int:  9    God:
Gold:   23         SH:  0    Dex: 12    Spells: 0/0 levels left

rFire    . . .     SeeInvis +   a - +0 falchion
rCold    . . .     Faith    .   (no shield)
rNeg     . . .     Spirit   .   b - +0 leather armour
rPois    .         Reflect  .   (helmet unavailable)
rElec    .         Harm     .   (no cloak)
rCorr    .         Rampage  .   (no gloves)
MR       .....                  (no boots)
Stlth    +++.......             (no amulet)
HPRegen  0.06/turn              (no ring)
MPRegen  0.07/turn              (no ring)

@: no status effects
A: permanent stasis, dig shafts and tunnels, four strong arms, antennae 3
a: Dig, Shaft Self


You were on level 5 of the Dungeon.
You visited 1 branch of the dungeon, and saw 1 of its levels.

You collected 23 gold pieces.

Inventory:

Hand Weapons
 a - a +0 falchion (weapon)
Armour
 b - a +0 leather armour (worn)
Wands
 f - a wand of digging (3)
Scrolls
 c - a scroll of fog
 d - a scroll of magic mapping
 e - a scroll of fear
 g - a scroll of random uselessness {unknown}
 h - a scroll of enchant armour {unknown}


   Skills:
 + Level 3.4 Fighting
 * Level 2.2 Long Blades
 + Level 1.9 Dodging
 - Level 6.0 Stealth


You couldn't memorise any spells.
You didn't know any spells.
Your spell library was empty.

Dungeon Overview and Level Annotations

Branches:
Dungeon (5/15)
 Temple: D:4-7

Altars:


Innate Abilities, Weirdness & Mutations

You cannot be hasted, slowed, berserked, paralysed or teleported.
You can dig through walls and to a lower floor.
Your four strong arms can wield two-handed weapons with a shield.
You have a pair of large antennae on your head. (SInv)


Message History

You see here a scroll labeled LUABBARCHA.
h - a scroll labeled LUABBARCHA A skeleton and a howler monkey come into view.
A jelly comes into view.
Found a robe.
The jelly quivers.
The helpless howler monkey fails to defend itself.
You hit the howler monkey.
The howler monkey is lightly wounded.
The howler monkey hits you.
You barely miss the howler monkey.
The howler monkey is lightly wounded.
The howler monkey hoots and howls with incredible vigour!
The howler monkey hits you.
You hear a shout!
The jelly hits you but does no damage. The centaur skeleton barely misses you.
The centaur skeleton hits you.
* * * LOW HITPOINT WARNING * * *
The howler monkey hits you.
You die...

...# #.............
...#### #............Z
......#####.............
###.....................
# ###...)...........Z..
# ##..........>...{.. #
#....#.......#### #
#..###.....Z.# #
#..###.....@.# .
#..#.......h.#
..........#J##
#..(.......$.##
..............#
..#...#......#.......
....#.. ....... .......
.#..... ......# ##.....


You could see a howler monkey, a jelly and a centaur skeleton.

Vanquished Creatures
  An ufetubus (D:5)
1 creature vanquished.

Notes
Turn   | Place    | Note
-------+----------+-------------------------------------------
     0 | D:5      | Lanoc the Formicid Delver began the quest for the Orb.
     0 | D:5      | Reached XP level 1. HP: 18/18 MP: 1/1
    47 | D:5      | Noticed a howler monkey
    50 | D:5      | Noticed a jelly
    58 | D:5      | Slain by a howler monkey

Illustrated notes

Levels and vault maps discovered:
D:5:      layout_rooms, minmay_temple_entry_crystal_x

Action                   || total
-------------------------++-------
Melee: Falchion          ||     3
 Stab: Sleeping          ||     2
Armor: Leather armour    ||     1
Dodge: Dodged            ||     1

Table legend: (Time is in decaauts)
 A = Elapsed time spent in this place.
 B = Non-inter-level travel time spent in this place.
 C = Inter-level travel time spent in this place.
 D = Time resting spent in this place.
 E = Time spent auto-exploring this place.
 F = Levels seen in this place.
 G = Mean time per level.
                   A        B        C        D        E       F      G
               +--------+--------+--------+--------+--------+-----+--------+
         Total |     58 |     58 |      0 |      0 |     33 |   1 |   58.0 |
       Dungeon |     58 |     58 |      0 |      0 |     33 |   1 |   58.0 |
               +--------+--------+--------+--------+--------+-----+--------+

Top non-repeatable levels by time:
     D:5: 58 daAuts
